 Dungeon Crawl Stone Soup version 0.30-a0-576-g89cddaab80 (webtiles) character file.

Game seed: 1846696514478286958

222888 Jaime2 the Hoplite (level 18, 0/176 HPs)
             Began as a Minotaur Fighter on Dec 30, 2022.
             Was an Initiate of Ashenzari.
             Slain by a merfolk
             ... wielding a +0 trident
             ... led by a merfolk aquamancer
              (13 damage)
             ... on level 4 of the Shoals.
             The game lasted 03:07:23 (34863 turns).

Jaime2 the Hoplite (Minotaur Fighter)              Turns: 34863, Time: 03:07:23

Health: 0/176      AC: 32    Str: 28    XL:     18   Next: 54%
Magic:  17/17      EV: 17    Int: 11    God:    Ashenzari [......]
Gold:   2181       SH: 19    Dex: 24    Spells: 16/17 levels left

rFire   + + +      SeeInvis .    g - +3 flail of Ruination {drain, Str+3 Int+4 Dex+4}
rCold   + . .      Faith    .    j - +0 kite shield
rNeg    . . .      Spirit   .    A - +6 plate armour {rF+}
rPois   +          Reflect  .    P - +1 hat
rElec   .          Harm     .    K - +0 cloak
rCorr   .          Rampage  .    z - +0 pair of gloves "Exisihel" {rPois rC+ Will- Slay+2}
Will    .....                    T - +2 pair of boots Stlth
                                 o - amulet of the acrobat
HPRegen 0.49/turn                k - +5 ring of evasion
MPRegen 0.15/turn                J - ring of the Quahog {rF++ Str+2 Int+2 Dex+6 Stlth-}

@: about to teleport, mesmerised, studying Ranged Weapons, very slow
A: horns 2, retaliatory headbutt, weak 1
}: 1/15 runes: gossamer
a: Renounce Religion, Curse Item


You were on level 4 of the Shoals.
You worshipped Ashenzari.
Ashenzari was noncommittal.
You visited 6 branches of the dungeon, and saw 30 of its levels.
You also visited: Ossuary.

You collected 2586 gold pieces.
You spent 405 gold pieces at shops.

Inventory:

Hand Weapons
 g - the +3 flail of Ruination (weapon) {drain, Str+3 Int+4 Dex+4}
   (You found it on level 4 of the Dungeon)

   A truly terrible weapon, it drains the life of any living foe it strikes.
   Str:       It affects your strength (+3).
   Int:       It affects your intelligence (+4).
   Dex:       It affects your dexterity (+4).
Missiles
 t - 2 throwing nets (quivered)
Armour
 j - a +0 kite shield (worn)
 z - the +0 pair of gloves "Exisihel" (worn) {rPois rC+ Will- Slay+2}
   (You acquired it on level 5 of the Dungeon)

   Slay:      It affects your accuracy & damage with ranged weapons and melee
   (+2).
   rC:        It protects you from cold.
   rPois:     It protects you from poison.
   Will:      It decreases your willpower.
 A - a +6 plate armour of fire resistance (worn)
 F - the +2 pair of boots of the Alphagorgon {rC- Str+5 Int+4}
   (You found it on level 2 of the Spider Nest)

   Str:       It affects your strength (+5).
   Int:       It affects your intelligence (+4).
   rC:        It makes you vulnerable to cold.
 K - a +0 cloak (worn)
 P - a +1 hat (worn)
 T - a +2 pair of boots (worn)
 V - the +3 chain mail "Elekot" {rF+ rN+ MP+9}
   (You found it on level 5 of the Lair of Beasts)

   rF:        It protects you from fire.
   rN:        It protects you from negative energy.
   MP:        It affects your magic capacity (+9).
Jewellery
 k - a +5 ring of evasion (left hand)
 l - a ring of protection from cold
 o - an amulet of the acrobat (around neck)
 x - a +6 ring of dexterity
 J - the ring of the Quahog (right hand) {rF++ Str+2 Int+2 Dex+6 Stlth-}
   (You bought it in a shop on level 1 of the Shoals)

   [ring of dexterity]

   Str:       It affects your strength (+2).
   Int:       It affects your intelligence (+2).
   Dex:       It affects your dexterity (+6).
   rF:        It greatly protects you from fire.
   Stlth:     It makes you less stealthy.
 N - a +4 ring of protection
Wands
 c - a wand of iceblast (11)
 p - a wand of flame (46)
 D - a wand of mindburst (8)
 E - a wand of charming (30)
 L - a wand of digging (15)
 S - a wand of acid (14)
Scrolls
 b - 2 scrolls of brand weapon
 f - 5 scrolls of teleportation
 h - 5 scrolls of enchant weapon
 m - 3 scrolls of silence
 r - 4 scrolls of blinking
 s - 2 scrolls of fog
 w - 7 scrolls of magic mapping
 H - 11 scrolls of amnesia
 I - 2 scrolls of poison
 U - a scroll of fear
 Z - 2 scrolls of summoning
Potions
 a - 4 potions of haste
 d - 8 potions of might
 e - 6 potions of invisibility
 i - a potion of flight
 n - 2 potions of brilliance
 q - 2 potions of heal wounds
 u - 9 potions of ambrosia
 v - 2 potions of berserk rage
 B - a potion of experience
 C - 2 potions of magic
 G - 17 potions of curing
 M - 3 potions of lignification {unknown}
 W - 2 potions of resistance {unknown}
Miscellaneous
 y - a phantom mirror
 X - a phantom mirror


   Skills:
 + Level 19.0 Fighting
 + Level 5.3 Long Blades
 - Level 14.0 Maces & Flails
 + Level 17.7 Armour
 + Level 6.1 Dodging
 + Level 4.7 Stealth
 + Level 23.9 Shields
 + Level 0.1 Unarmed Combat
 + Level 0.8 Evocations


You had 16 spell levels left.
You knew the following spells:

 Your Spells              Type           Power      Damage    Failure   Level
a - Apportation           Tloc           0%         N/A       91%         1

Your spell library contained the following spells:

 Spells                   Type           Power      Damage    Failure   Level
 Beastly Appendage        Tmut           0%         N/A       91%         1
 Magic Dart               Conj           0%         1d3       91%         1
 Necrotise                Necr           0%         1d4       91%         1
 Summon Small Mammal      Summ           0%         N/A       91%         1
 Blink                    Tloc           0%         N/A       97%         2
 Call Imp                 Summ           0%         N/A       97%         2
 Cigotuvi's Dreadful Rot  Necr/Pois/Air  0%         N/A       97%         2
 Momentum Strike          Conj/Tloc      0%         3d8       97%         2
 Poisonous Vapours        Pois/Air       0%         N/A       97%         2
 Scorch                   Fire           0%         2d5       97%         2
 Searing Ray              Conj           0%         2d4       97%         2
 Sublimation of Blood     Necr           0%         N/A       97%         2
 Wereblood                Tmut           0%         N/A       97%         2
 Lesser Beckoning         Tloc           0%         N/A       99%         3
 Mephitic Cloud           Conj/Pois/Air  0%         N/A       99%         3
 Ozocubu's Armour         Ice            0%         N/A       99%         3
 Portal Projectile        Hex/Tloc       0%         N/A       99%         3
 Spider Form              Tmut/Pois      0%         N/A       99%         3
 Tukima's Dance           Hex            0%         N/A       99%         3
 Vampiric Draining        Necr           0%         2d6       99%         3
 Airstrike                Air            0%         2d(0-16)  100%        4
 Animate Armour           Summ/Erth      0%         N/A       100%        4
 Cause Fear               Hex            0%         N/A       100%        4
 Flame Wave               Conj/Fire      0%         2d4       100%        4
 Fulminant Prism          Conj/Hex       0%         3d5       100%        4
 Leda's Liquefaction      Hex/Erth       0%         N/A       100%        4
 Passage of Golubria      Tloc           0%         N/A       100%        4
 Petrify                  Tmut/Erth      0%         N/A       100%        4
 Summon Lightning Spire   Summ/Air       0%         N/A       100%        4
 Agony                    Necr           0%         N/A       100%        5
 Alistair's Intoxication  Tmut/Pois      0%         N/A       100%        5
 Blade Hands              Tmut           0%         N/A       100%        5
 Borgnjor's Vile Clutch   Necr/Erth      0%         N/A       100%        5
 Fireball                 Conj/Fire      0%         3d3       100%        5
 Iskenderun's Battlesphe  Conj           0%         2d6       100%        5
 Lee's Rapid Deconstruct  Erth           0%         3d4*      100%        5
 Lightning Bolt           Conj/Air       0%         1d11      100%        5
 Metabolic Englaciation   Hex/Ice        0%         N/A       100%        5
 Silence                  Hex/Air        0%         N/A       100%        5
 Yara's Violent Unravell  Hex/Tmut       0%         3d3       100%        5
 Conjure Ball Lightning   Conj/Air       0%         3x3d6     100%        6
 Eringya's Noxious Bog    Tmut/Pois      0%         N/A       100%        6
 Iron Shot                Conj/Erth      0%         9d1       100%        6
 Simulacrum               Ice/Necr       0%         N/A       100%        6
 Statue Form              Tmut/Erth      0%         N/A       100%        6
 Summon Cactus Giant      Summ           0%         N/A       100%        6
 Dragon Form              Tmut           0%         N/A       100%        7
 Orb of Destruction       Conj           0%         9d5       100%        7
 Summon Hydra             Summ           0%         N/A       100%        7
 Lehudib's Crystal Spear  Conj/Erth      0%         10d2      100%        8
 Dragon's Call            Summ           0%         N/A       100%        9


Dungeon Overview and Level Annotations

Branches:
Dungeon (15/15)            Temple (1/1) D:6            Lair (5/5) D:11
 Shoals (4/4) Lair:3       Spider (4/4) Lair:2        Slime (0/5) Lair:5
    Orc (1/2) D:9          Vaults (0/5) D:14         Depths (0/4) D:15
Ossuary (visited)

Altars:
Ashenzari
Cheibriados
Dithmenos
Elyvilon
Fedhas
Gozag
Hepliaklqana
Kikubaaqudgha
Makhleb
Nemelex Xobeh
Okawaru
Qazlal
Ru
Sif Muna
Trog
Uskayaw
Vehumet
Wu Jian
Xom
Yredelemnul
Zin
The Shining One
Jiyva

Shops:
D:2 :   Shoals:1 *


Innate Abilities, Weirdness & Mutations

You have a pair of horns on your head.
You reflexively headbutt those who attack you in melee.
You are weak. (Str -2)


Message History

You block the merfolk's attack.
The merfolk hits you but does no damage.
You block the merfolk's attack. You block the water elemental's attack.
A manticore comes into view.
The merfolk hits you but does no damage.
The merfolk avatar chants its luring song.
Your Fighting skill increases to level 19!
You slip free of the water engulfing you.
The water elemental attacks as you move away!
You block the water elemental's attack.
You gasp with relief as air once again reaches your lungs.
You block the merfolk's attack.
The merfolk throws a boomerang.
The boomerang hits you!
The merfolk hits you but does no damage.
The merfolk aquamancer gestures at you while chanting.
The torrent of water misses you.
The torrent of water hits the merfolk avatar!!
The merfolk avatar is knocked back by the torrent of water.
The wave splashes down.
The merfolk siren chants a haunting song.
The merfolk misses you. You block the merfolk's attack.
The water elemental completely misses you.
You furiously retaliate!
You headbutt the water elemental! The merfolk barely misses you.
The merfolk hits you with a +0 trident!
You hear a bellow!
You hear a shout! x2; You hear an angry hiss.
You hear a shout!
You hear a bellow! x3; You hear an angry hiss. x2
You cannot move away from the merfolk siren!
As you read the scroll of teleportation, it crumbles to dust.
You feel strangely unstable.
The merfolk avatar chants its luring song.
A water nymph comes into view.
The merfolk aquamancer points at you and mumbles some strange words.
The torrent of water passes through the water elemental.
The torrent of water hits you!!!
* * * LOW HITPOINT WARNING * * *
The wave splashes down.
The merfolk siren chants its luring song.
You block the water elemental's attack. You block the merfolk's attack.
The merfolk hits you from afar with a +0 trident!
You die...

~~~~# ##~~≈≈≈≈≈
..~.~~~~~#######~~≈≈≈≈≈≈
~~~~~~~~~~~..~.))~≈~~~≈≈
~~~~~~~~~....~..~..~~~≈≈
~~~~~≈≈~~~....m....~~~~≈
~≈≈≈≈≈≈≈~~.....~~....~~≈
≈≈≈≈≈≈≈≈~~....~.<..~~~~≈
≈≈≈≈≈≈≈≈mm~~~~m##..~~~~~
~≈≈H≈m≈@Em~~~~####.~~.~~
~≈≈≈≈≈≈m~~))~~# .~~.~~
~~≈≈≈≈≈m~..........~~~~~
~~~≈≈≈≈~~...~~.....~~~~~
~~~≈≈≈≈~.........~~~~~~~
~~~≈≈≈≈~.......~~~~~~~~~
~~≈≈≈≈≈...#...~...~≈
.~~≈≈≈~~....~~~..~~≈
≈≈~~~~~~~~~~~~~


You could see a merfolk avatar (mesmerising), a merfolk aquamancer, 4 merfolk, a
manticore, a water elemental, a merfolk siren (mesmerising) and a water nymph.

Vanquished Creatures
  Arachne (Spider:2)
  Rupert (D:13)
  The ghost of Hizxuxos the Black Belt, an adept OpTm of Ashenzari (Shoals:3)
  2 krakens
  Gastronok (Lair:1)
  Kirke (Lair:3)
  Donald (Spider:1)
  Louise (Lair:2)
  7 emperor scorpions
  An orc warlord (Orc:1)
  2 broodmothers (Spider:3)
  3 spark wasps
  A dire elephant (Lair:5)
  Snorg (Lair:5)
  Josephine (D:13)
  4 merfolk impalers
  Harold (D:10)
  8 entropy weavers
  Fannar (D:11)
  A catoblepas (Lair:5)
  7 centaur warriors
  5 radroaches
  Erica (D:9)
  A merfolk avatar (Shoals:1)
  A jorogumo (Spider:3)
  5 hydras
  10 boulder beetles
  3 merfolk aquamancers
  2 satyrs (Shoals:3)
  The ghost of ma3 the Reanimator, a novice MeNe (D:7)
  4 two-headed ogres
  A deep troll shaman (Lair:5)
  An alligator snapping turtle (Shoals:1)
  4 death yaks (Lair:5)
  An orc high priest (Orc:1)
  Sonja (D:10)
  4 skeletal warriors
  2 sun moths
  10 sea snakes
  8 pharaoh ants
  Lodul (D:11)
  10 steelbarb worms
  5 orb spiders
  A necromancer (D:15)
  4 orc knights
  A wizard (D:15)
  17 harpies
  The ghost of tilp the Shield-Bearer, a novice MeFi (D:6)
  3 deep elf pyromancers
  17 wolf spiders
  4 orc sorcerers
  7 ugly things
  3 cyclopes
  22 manticores
  3 fauns (Shoals:1)
  4 merfolk sirens
  14 elephants
  3 water nymphs
  2 moths of wrath (Spider:3)
  5 black mambas
  3 torpor snails
  A naga mage (D:15)
  Maurice (D:9)
  Maggie (D:9)
  A centaur skeleton (D:15)
  Psyche (D:12)
  12 cane toads
  A gargoyle (D:14)
  6 demonic crawlers
  3 rime drakes
  A kobold demonologist (D:6)
  3 komodo dragons
  12 merfolk
  A tengu conjurer (D:15)
  6 trolls
  4 meliai
  2 polar bears
  5 wind drakes
  5 hornets
  A wolf spider simulacrum (D:15)
  7 dream sheep (Lair:5)
  5 slime creatures
  10 snapping turtles
  19 tarantellas
  A raiju (shapeshifter) (D:14)
  13 blink frogs (Lair:2)
  A shadow (D:10)
  A centaur simulacrum (D:15)
  23 jumping spiders
  11 wraiths
  22 culicivoras
  4 wyverns
  4 water elementals (Shoals:4)
  5 basilisks
  30 yaks
  3 hogs (Lair:3)
  A basilisk (shapeshifter) (D:14)
  16 humans (D:14)
  3 steam dragons
  31 redbacks
  A warg (Orc:1)
  10 vampire mosquitoes
  3 acid dragons
  9 water moccasins
  21 orc warriors
  An ice beast (D:5)
  4 black bears
  10 ogres
  9 wolves (Lair:5)
  A phantom (D:5)
  15 centaurs
  13 bullfrogs
  11 kobold brigands
  A gnoll sergeant (D:11)
  3 scorpions
  A necrophage (D:6)
  A wyvern zombie (D:7)
  5 howler monkeys
  3 electric eels
  A human zombie (D:4)
  7 centaur zombies
  5 hounds
  21 orc priests
  5 jellies
  Ijyb (D:3)
  2 iguanas
  19 orc wizards
  A howler monkey zombie (D:7)
  3 gnolls (D:11)
  11 adders
  2 shadow imps (D:6)
  4 worms
  4 dart slugs
  61 orcs
  6 ball pythons
  7 bats
  7 endoplasms
  A giant cockroach (D:1)
  10 hobgoblins
  10 jackals
  3 quokkas
  12 goblins
  19 kobolds
  An orc zombie (D:4)
  4 rats
  A bush (Lair:5)
  8 tentacles
877 creatures vanquished.

Vanquished Creatures (others)
  A death yak (Lair:5)
  A wizard (D:15)
  A wolf (Lair:5)
  An orc (Orc:1)
  4 fungi
  32 plants
  31 tentacles
71 creatures vanquished.

Grand Total: 948 creatures vanquished

Notes
Turn   | Place    | Note
-------+----------+-------------------------------------------
     0 | D:1      | Jaime2 the Minotaur Fighter began the quest for the Orb.
     0 | D:1      | Reached XP level 1. HP: 19/19 MP: 0/0
    87 | D:1      | Reached XP level 2. HP: 26/27 MP: 1/1
   362 | D:1      | Reached XP level 3. HP: 33/33 MP: 2/2
   393 | D:1      | You fall into a shaft and drop 1 floor!
   666 | D:2      | Found Pemysig's Book Shop.
   787 | D:2      | Reached XP level 4. HP: 26/40 MP: 3/3
  1178 | D:3      | Reached skill level 4 in Shields
  1287 | D:3      | Noticed Ijyb
  1292 | D:3      | Killed Ijyb
  1393 | D:3      | Reached XP level 5. HP: 41/47 MP: 4/4
  1629 | D:3      | Found a faded altar of an unknown god.
  2294 | D:4      | Identified the +3 flail of Ruination {drain, Str+3 Int+4
                  | Dex+4}
  2347 | D:4      | Found a shadowy altar of Dithmenos.
  2355 | D:4      | Found a sand-covered staircase.
  2365 | D:4      | Reached skill level 5 in Armour
  2365 | D:4      | Reached skill level 1 in Dodging
  2387 | Ossuary  | Entered an ossuary
  2499 | D:4      | Reached XP level 6. HP: 40/53 MP: 5/5
  2506 | D:4      | Reached skill level 1 in Maces & Flails
  2607 | D:4      | Reached skill level 5 in Long Blades
  2696 | D:4      | Found an ornate altar of the Wu Jian Council.
  2975 | D:5      | Entered Level 5 of the Dungeon
  2981 | D:5      | Reached skill level 5 in Fighting
  3045 | D:5      | Identified 2 scrolls of acquirement
  3146 | D:5      | Reached XP level 7. HP: 59/61 MP: 6/6
  3201 | D:5      | Reached skill level 1 in Stealth
  3448 | D:5      | Reached skill level 5 in Maces & Flails
  3468 | D:5      | Reached skill level 5 in Shields
  3567 | D:5      | Acquired the +1 double sword "Ketsiz Rull" {heavy, rF+ rC+}
  3570 | D:5      | Acquired the +0 pair of gloves "Exisihel" {rPois rC+ Will-
                  | Slay+2}
  3581 | D:5      | Acquired the amulet of Zistrep {Faith rC++}
  3594 | D:5      | Reached XP level 8. HP: 63/69 MP: 7/7
  3752 | D:5      | Found a snail-covered altar of Cheibriados.
  4032 | D:6      | Found a staircase to the Ecumenical Temple.
  4042 | Temple   | Entered the Ecumenical Temple
  4273 | D:6      | Found a glowing golden altar of the Shining One.
  4675 | D:6      | Found a faded altar of an unknown god.
  4675 | D:6      | Found a bloodstained altar of Trog.
  4681 | D:6      | Found an ancient bone altar of Kikubaaqudgha.
  4685 | D:6      | Found a hazy altar of Hepliaklqana.
  4687 | D:6      | Found an opulent altar of Gozag.
  4793 | D:6      | Found a runed translucent gate.
  4793 | D:6      | Found a runed translucent gate.
  4793 | D:6      | Found a runed translucent gate.
  4793 | D:6      | Noticed a kobold demonologist
  4793 | D:6      | Noticed tilp's ghost (novice MeFi)
  4817 | D:6      | Noticed an ice devil
  5039 | D:6      | Killed tilp's ghost
  5040 | D:6      | Reached skill level 6 in Shields
  5040 | D:6      | Reached XP level 9. HP: 77/78 MP: 8/8
  5124 | D:6      | Killed a kobold demonologist
  5372 | D:7      | Reached skill level 7 in Shields
  5375 | D:7      | Found a basalt altar of Yredelemnul.
  5577 | D:7      | Found a runed translucent door.
  5579 | D:7      | Noticed a manticore
  5579 | D:7      | Noticed ma3's ghost (novice MeNe)
  5590 | D:7      | Reached skill level 10 in Maces & Flails
  5674 | D:7      | Killed ma3's ghost
  5677 | D:7      | Killed a manticore
  5678 | D:7      | Reached skill level 8 in Shields
  5678 | D:7      | Reached XP level 10. HP: 53/86 MP: 9/9
  6709 | D:8      | Found a shimmering blue altar of Sif Muna.
  6808 | D:8      | Found a broken altar of Ashenzari.
  6859 | D:8      | Became a worshipper of Ashenzari the Shackled
  6992 | D:8      | Reached skill level 9 in Shields
  7462 | D:9      | Noticed Maggie
  7471 | D:9      | Killed Maggie
  7581 | D:9      | Found a staircase to the Orcish Mines.
  7612 | Orc:1    | Entered Level 1 of the Orcish Mines
  7615 | Orc:1    | Noticed an orc sorcerer
  7621 | Orc:1    | Killed an orc sorcerer
  7714 | Orc:1    | Reached skill level 10 in Shields
  7777 | Orc:1    | Noticed an orc warlord
  7809 | Orc:1    | Killed an orc warlord
  7810 | Orc:1    | Reached XP level 11. HP: 38/95 MP: 10/10
  7993 | Orc:1    | Noticed an orc knight
  8022 | Orc:1    | Killed an orc knight
  8164 | Orc:1    | Noticed an orc sorcerer
  8582 | Orc:1    | Killed an orc sorcerer
  8753 | Orc:1    | Reached skill level 11 in Shields
  8814 | Orc:1    | Noticed an orc knight
  8839 | Orc:1    | Killed an orc knight
  8934 | Orc:1    | Noticed an orc high priest
  8948 | Orc:1    | Noticed a sixfirhy
  8953 | Orc:1    | Killed an orc high priest
  9421 | D:9      | Identified the +0 chain mail of Nemelex Xobeh's Pride {rN+
                  | Dex+4}
  9502 | D:9      | Noticed Erica
  9517 | D:9      | Killed Erica
  9666 | D:9      | Noticed Maurice
  9689 | D:9      | Killed Maurice
  9768 | D:9      | Found a sparkling altar of Nemelex Xobeh.
  9789 | D:9      | Found a hide-covered altar of Uskayaw.
  9983 | D:10     | Entered Level 10 of the Dungeon
 10001 | D:10     | Reached skill level 12 in Shields
 10211 | D:10     | Noticed Sonja
 10228 | D:10     | Killed Sonja
 10229 | D:10     | Reached skill level 10 in Armour
 10518 | D:10     | Identified the +7 dagger of the Scavenger {elec, rPois rF+}
 10608 | D:10     | Identified the +2 leather armour of the Chupacabra {rElec}
 10628 | D:10     | Found a radiant altar of Vehumet.
 10735 | D:10     | Noticed Harold
 10748 | D:10     | Killed Harold
 10749 | D:10     | Reached XP level 12. HP: 81/106 MP: 11/11
 11070 | D:11     | Noticed a two-headed ogre
 11082 | D:11     | Killed a two-headed ogre
 11102 | D:11     | Noticed Fannar
 11116 | D:11     | Killed Fannar
 11117 | D:11     | Reached skill level 10 in Fighting
 11298 | D:11     | Found a staircase to the Lair.
 11307 | D:11     | Noticed Lodul
 11661 | D:11     | Killed Lodul
 11671 | Lair:1   | Entered Level 1 of the Lair of Beasts
 11710 | Lair:1   | Reached skill level 13 in Shields
 12077 | Lair:1   | Noticed Gastronok
 12098 | Lair:1   | Killed Gastronok
 12875 | Lair:2   | Found a hole to the Spider Nest.
 13155 | Lair:2   | Reached skill level 14 in Shields
 13393 | Lair:2   | Reached XP level 13. HP: 109/118 MP: 12/12
 13857 | Lair:3   | Found a staircase to the Shoals.
 14198 | Lair:3   | Noticed Kirke
 14211 | Lair:3   | Noticed a sphinx
 14448 | Lair:3   | Killed Kirke
 14767 | Lair:4   | Reached skill level 15 in Shields
 14956 | Lair:4   | Found a gate leading to a gauntlet.
 15336 | Lair:5   | Entered Level 5 of the Lair of Beasts
 15336 | Lair:5   | Found a staircase to the Slime Pits.
 15336 | Lair:5   | Found a viscous altar of Jiyva.
 15635 | Lair:5   | Noticed Snorg
 15653 | Lair:5   | Killed Snorg
 15661 | Lair:5   | Reached skill level 16 in Shields
 15907 | Lair:5   | Identified the +3 chain mail "Elekot" {rF+ rN+ MP+9}
 16462 | Lair:5   | Reached XP level 14. HP: 120/130 MP: 13/13
 17843 | D:12     | Noticed Psyche
 17849 | D:12     | Killed Psyche
 18080 | D:12     | Reached skill level 17 in Shields
 19025 | D:13     | Noticed Josephine
 19025 | D:13     | Noticed Rupert
 19030 | D:13     | Paralysed by Rupert for 5 turns
 19160 | D:13     | Killed Rupert
 19198 | D:13     | Killed Josephine
 19660 | D:13     | Reached skill level 5 in Dodging
 19663 | D:13     | Learned a level 1 spell: Apportation
 20343 | D:14     | Reached skill level 18 in Shields
 20394 | D:14     | Reached skill level 15 in Fighting
 20462 | D:14     | Reached XP level 15. HP: 113/141 MP: 14/14
 20644 | D:14     | Found a gate to the Vaults.
 21118 | D:15     | Entered Level 15 of the Dungeon
 21623 | D:15     | Found a staircase to the Depths.
 22200 | Spider:1 | Entered Level 1 of the Spider Nest
 22227 | Spider:1 | Reached skill level 19 in Shields
 22473 | Spider:1 | Reached skill level 15 in Armour
 23079 | Spider:1 | Noticed Louise
 23082 | Spider:1 | Noticed Donald
 23113 | Spider:1 | Noticed an emperor scorpion
 23126 | Lair:2   | Killed an emperor scorpion
 23401 | Lair:2   | Killed Louise
 23549 | Spider:1 | Killed Donald
 24159 | Spider:2 | Reached skill level 20 in Shields
 24309 | Spider:2 | Noticed Arachne
 24335 | Spider:2 | Killed Arachne
 25131 | Spider:2 | Identified the +2 pair of boots of the Alphagorgon {rC-
                  | Str+5 Int+4}
 25252 | Spider:2 | Gained mutation: You are weak. (Str -2) [mutagenic glow]
 25900 | Spider:3 | Reached XP level 16. HP: 105/154 MP: 15/15
 26924 | Spider:4 | Entered Level 4 of the Spider Nest
 27309 | Spider:3 | Reached skill level 21 in Shields
 29184 | Spider:4 | Reached skill level 22 in Shields
 29196 | Spider:4 | Got a gossamer rune of Zot
 30808 | Shoals:1 | Entered Level 1 of the Shoals
 31081 | Shoals:1 | Reached XP level 17. HP: 151/163 MP: 16/16
 31169 | Shoals:1 | Reached XP level 18. HP: 172/172 MP: 17/17
 31460 | Shoals:1 | Found Xouxko Geta's CLEARANCE SALE!.
 31468 | Shoals:1 | Bought the ring of the Quahog {rF++ Str+2 Int+2 Dex+6
                  | Stlth-} for 405 gold pieces
 31691 | Shoals:1 | Reached skill level 23 in Shields
 32694 | Shoals:2 | Found a frozen archway.
 33256 | Shoals:3 | Found a runed translucent gate.
 33300 | Shoals:3 | Found a runed translucent gate.
 33808 | Shoals:3 | Found a runed translucent gate.
 33811 | Shoals:3 | Noticed Hizxuxos's ghost (adept OpTm)
 34207 | Shoals:3 | Identified the -1 pair of boots of Untold Secrets {Int+6
                  | Dex+3}
 34264 | Shoals:3 | Killed Hizxuxos's ghost
 34705 | Shoals:4 | Entered Level 4 of the Shoals
 34863 | Shoals:4 | Slain by a merfolk

Illustrated notes

Levels and vault maps discovered:
D:1:      elethiomel_arrival_quiet, layout_rooms
D:2:      layout_rooms, serial_shops, nicolae_shop_hallway_plus
D:3:      kennysheep_six_static_rooms, layout_loops_corners,
          hellmonk_ecumenical_altar_crossroads, uniq_ijyb
D:4:      layout_basic, nicolae_wu_jian_immortal_techniques,
          kennysheep_mini_moat, enter_ossuary_3
D:5:      layout_gridville, mainiacjoe_overflow_paths
D:6:      nicolae_cairo_tiling_large, layout_basic, lemuel_crystal_altar,
          chequers_temple_overflow_minitemple,
          minmay_temple_entry_statues_pillars, gammafunk_ghost_nasty_kobolds,
          columned_hall_lemuel, kennysheep_generic_room_12
D:7:      layout_layer_cave, nicolae_yredelemnul_corpse_copse,
          ebering_ghost_inner_flame, enter_bailey_5
D:8:      layout_basic, nicolae_sif_muna_condensation,
          nicolae_ashenzari_skybound
D:9:      layout_basic, nicolae_uskayaw_murder_on_the_dancefloor,
          lemuel_doored_altar, david_orc_2, uniq_maggie, uniq_maurice,
          uniq_erica
D:10:     layout_irregular_city, mainiacjoe_overflow_tiny_flanked,
          serial_rivers, chequers_serial_rivers_small_b,
          chequers_serial_rivers_room_b, chequers_serial_rivers_room_b,
          chequers_serial_rivers_small_3, minmay_starry_boxes, uniq_harold,
          uniq_sonja
D:11:     layout_roguey, david_lair_generic, uniq_fannar, uniq_lodul
D:12:     nicolae_BIG_FREAKIN_CUBE, layout_stronghold, minmay_fractal_squares_5,
          uniq_psyche
D:13:     layout_basic, minmay_variable_closet, lemuel_another_geyser,
          uniq_josephine, uniq_rupert
D:14:     layout_rooms, david_vaults_3, small_statue_intersection,
          serial_rivers, chequers_serial_rivers_large_a,
          chequers_serial_rivers_small_b, chequers_serial_rivers_micro_a,
          chequers_serial_rivers_marsh
D:15:     grunt_enter_depths_magical_seal, layout_irregular_city
Temple:   hellmonk_temple_flake
Lair:1:   layout_long_grid, evilmike_ambush [evilmike_ambush_outer_corners,
          evilmike_ambush_inner_cross], grunt_megastairs_5, lemuel_fruit_tree,
          uniq_gastronok
Lair:2:   layout_hall_layers, spider_nest_entry_rubble, st_stairs_11,
          serial_bayou_shore_a, infiniplex_staircase_pool
Lair:3:   layout_regular_city, minmay_shoals_entry_beasts, uniq_kirke
Lair:4:   layout_big_grid, gauntlet_entry_generic, grunt_megastairs_3
Lair:5:   grunt_lair_end_beastmaster, layout_long_grid,
          nicolae_slime_entry_slimehenge, serial_forest,
          infiniplex_forest_clump_medium, infiniplex_forest_straight_4,
          infiniplex_forest_lined_room_2, infiniplex_forest_clump_diagonal,
          infiniplex_forest_lined_room_2, infiniplex_forest_lined_room_3,
          infiniplex_forest_clump_diagonal, infiniplex_forest_corner_1,
          infiniplex_forest_lined_2, uniq_snorg
Shoals:1: layout_shoals, nicolae_shop_clearance
Shoals:2: layout_shoals, portal_ice_cave_entry_pillars_2
Shoals:3: layout_shoals, gammafunk_ghost_tricky_traps
Shoals:4: shoals_end_hangedman, layout_shoals, uniq_polyphemus, uniq_roxanne
Spider:1: layout_spider_delve, uniq_donald, uniq_louise
Spider:2: layout_spider_delve, guppyfry_hornet_nest, uniq_arachne
Spider:3: layout_spider_delve, drop_trap
Spider:4: hellmonk_spider_rune_bug_friends
Orc:1:    orc_temple, layout_caves

Skill      XL: |  1  2  3  4  5  6  7  8  9 10 11 12 13 14 15 16 17 18 |
---------------+-------------------------------------------------------+-----
Armour         | 4 5 6 7 8 10 11 13 14 15 16 17 | 17.7
Fighting       | 4 5 6 7 8 9 12 13 15 16 18 19 | 19.0
Long Blades    | 3 4 5 |  5.3
Shields        | 4 5 6 8 10 12 14 16 18 20 22 23 | 23.9
Dodging        | 1 2 3 4 5 6 |  6.1
Maces & Flails | 2 5 8 10 12 13 14 | 14.0
Stealth        | 1 2 4 |  4.7
Unarmed Combat | |  0.1
Evocations     | |  0.8

Action                   |  1- 3 |  4- 6 |  7- 9 | 10-12 | 13-15 | 16-18 || total
-------------------------+-------+-------+-------+-------+-------+-------++-------
Melee: Long sword        |    93 |    73 |       |       |       |       ||   166
       Headbutt          |    11 |    17 |    38 |   151 |   440 |   412 ||  1069
       Flail             |       |    56 |   194 |   588 |  1415 |  1253 ||  3506
       Unarmed           |       |       |       |       |     3 |       ||     3
Evoke: Wand              |       |       |       |     1 |       |    13 ||    14
  Use: Scroll            |       |     8 |     9 |     8 |    13 |    10 ||    48
       Potion            |       |       |       |       |     3 |     4 ||     7
 Stab: Petrified         |       |       |       |       |    15 |       ||    15
       Petrifying        |       |       |       |       |     2 |       ||     2
Armor: Scale mail        |    46 |    38 |    15 |       |       |       ||    99
       Chain mail        |       |       |     4 |       |       |       ||     4
       Plate armour      |       |       |    52 |   140 |   572 |   601 ||  1365
Dodge: Dodged            |    55 |    91 |   116 |   228 |   675 |   997 ||  2162
Block: Buckler           |    26 |    29 |     6 |       |       |       ||    61
       Kite shield       |       |       |   120 |   344 |  1056 |  1558 ||  3078

Table legend: (Time is in decaauts)
 A = Elapsed time spent in this place.
 B = Non-inter-level travel time spent in this place.
 C = Inter-level travel time spent in this place.
 D = Time resting spent in this place.
 E = Time spent auto-exploring this place.
 F = Levels seen in this place.
 G = Mean time per level.
                   A        B        C        D        E       F      G
               +--------+--------+--------+--------+--------+-----+--------+
         Total |  34592 |  33075 |   1517 |   7017 |  15312 |  31 | 1115.9 |
       Dungeon |  14760 |  13963 |    797 |    862 |   8481 |  15 |  984.0 |
        Temple |    156 |    154 |      2 |      0 |    134 |   1 |  156.0 |
          Lair |   6634 |   6241 |    393 |   1705 |   2756 |   5 | 1326.8 |
        Shoals |   4145 |   4038 |    107 |    695 |   1885 |   4 | 1036.2 |
   Spider Nest |   7237 |   7066 |    171 |   3215 |   1597 |   4 | 1809.2 |
  Orcish Mines |   1653 |   1608 |     45 |    539 |    457 |   1 | 1653.0 |
       Ossuary |      4 |      4 |      0 |      0 |      0 |   1 |    4.0 |
               +--------+--------+--------+--------+--------+-----+--------+

Top non-repeatable levels by time:
Spider:3: 2711 daAuts
  Lair:5: 1959 daAuts
  Lair:2: 1858 daAuts
Spider:2: 1755 daAuts
Spider:4: 1747 daAuts
   Orc:1: 1653 daAuts
Shoals:1: 1446 daAuts
Shoals:3: 1392 daAuts
     D:7: 1233 daAuts
     D:6: 1229 daAuts
     D:3: 1162 daAuts
Shoals:2: 1161 daAuts
    D:10: 1135 daAuts
  Lair:1: 1114 daAuts
  Lair:3: 1105 daAuts
